 Dungeon Crawl Stone Soup version 0.31-a0-196-g86fe4a5e66 (webtiles) character file.

Game seed: 13551122192633024970

28 qw the Shooter (level 2, 0/16 HPs)
             Began as a Deep Elf Hunter on June 24, 2023.
             Succumbed to their own poison gas
             ... on level 1 of the Dungeon.
             The game lasted 00:00:17 (813 turns).

qw the Shooter (Deep Elf Hunter)                     Turns: 813, Time: 00:00:18

Health: 0/16       AC:  8    Str:  8    XL:     2   Next: 96%
Magic:  4/4        EV: 10    Int: 13    God:
Gold:   36         SH:  5    Dex: 18    Spells: 1/1 levels left

rFire   . . .        Y - +0 shortbow
rCold   . . .        (shield currently unavailable)
rNeg    . . .        e - +0 ring mail
rPois   .            (no helmet)
rElec   .            (no cloak)
rCorr   .            (no gloves)
SInv    .            i - +2 pair of boots
Will    .....        g - amulet of reflection
Stlth   +            (no ring)
HPRegen 0.22/turn    (no ring)
MPRegen 0.09/turn

%: reflection
@: lethally poisoned (0 -> -10)
A: no striking features
a: no special abilities


You were on level 1 of the Dungeon.
You visited 1 branch of the dungeon, and saw 1 of its levels.

You collected 36 gold pieces.


   Skills:
 - Level 1.5 Fighting
 + Level 6.6 Ranged Weapons
 - Level 2.4 Dodging
 - Level 1.2 Stealth


You had one spell level left.
You didn't know any spells.
Your spell library was empty.

Inventory:

Hand Weapons
 Y - a +0 shortbow (weapon)
Armour
 e - a +0 ring mail (worn)
 i - a +2 pair of boots (worn)
Jewellery
 g - an amulet of reflection (around neck)
Potions
 j - a potion of heal wounds {unknown}
 k - a potion of magic {unknown}
 l - a potion of might {unknown}

Dungeon Overview and Level Annotations

Branches:
Dungeon (1/15)

Altars:


Message History

Done exploring.
807 ||| READING scroll labelled MUGUUCWI SEWOFF.
As you read the scroll labelled MUGUUCWI SEWOFF, it crumbles to dust.
It is a scroll of identify.
Really abort (and waste the scroll)?
Done exploring.
808 ||| READING scroll labelled QUCVIPLOTAW.
As you read the scroll labelled QUCVIPLOTAW, it crumbles to dust.
It is a scroll of amnesia.
You feel forgetful for a moment.
Done exploring.
809 ||| READING scroll labelled ETWA INAHON.
The air fills with toxic fumes!
As you read the scroll labelled ETWA INAHON, it crumbles to dust.
It was a scroll of poison.
Done exploring.
810 ||| DROPPING scroll of butterflies.
You drop a scroll of butterflies.
Done exploring.
(D) Dungeon
Where to? (* - list waypoints, ? - help)
What level of the Dungeon? (default 1, ? - help) Sorry, I don't know how to get there.
Enter note:
Enter note:
Enter note:
Enter note:
Enter note:
Enter note:
Enter note:
Enter note:
Enter note: Really walk into that cloud of poison gas?
You are engulfed in poison gas.
You are lethally poisoned!
Ouch! That really hurt!
You feel very sick.
812 ||| Stepping ~*~*~tactically~*~*~ (cloud).
You feel very sick.
Things that are here:
a scroll of butterflies; a +0 leather armour
There is a lethal amount of poison in your body!
You die...

#......#
###########.......
#¤¤...............
#¤######.########.
#¤######.###### #.
#¤#~~~~7.7~~~~# #.
#¤#~...7.7...~# #.
#¤#~.7.....P.~# #.
#@#~777...PPP~###.
#¤#7.7.....P.7#...
#¤¤~....<.........
###7.P.....P.7#...
#~PPP...PPP~#...
#~.P.....P.~##..
#~~~~7.7~~~~##.#
######.#######.#
#.........#


There were no monsters in sight!

Vanquished Creatures
  A dart slug (D:1)
  3 ball pythons (D:1)
  An endoplasm (D:1)
  3 goblins (D:1)
  3 hobgoblins (D:1)
  2 jackals (D:1)
  2 quokkas (D:1)
  3 bats (D:1)
  A frilled lizard (D:1)
  3 kobolds (D:1)
  A rat (D:1)
23 creatures vanquished.

Notes
Turn   | Place    | Note
-------+----------+-------------------------------------------
     0 | D:1      | qw the Deep Elf Hunter began the quest for the Orb.
     0 | D:1      | Reached XP level 1. HP: 12/12 MP: 3/3
     0 | D:1      | 0 ||| qw: Version: 0.3-a-9-g12657ce
     0 | D:1      | 0 ||| qw: Game counter: 4823
     0 | D:1      | 0 ||| qw: Always use a shield: true
     0 | D:1      | 0 ||| qw: God list: Okawaru
     0 | D:1      | 0 ||| qw: Allow faded altars: false
     0 | D:1      | 0 ||| qw: Do Orc after D:15 true
     0 | D:1      | 0 ||| qw: Do second Lair branch before Depths: true
     0 | D:1      | 0 ||| qw: Lair rune preference: random
     0 | D:1      | 0 ||| qw: Plans: Normal
     0 | D:1      | 0 ||| PLANNING D:1-11
   143 | D:1      | Reached skill level 6 in Ranged Weapons
   143 | D:1      | Reached XP level 2. HP: 16/16 MP: 4/4
   237 | D:1      | HP: 2/16 [hobgoblin (3)]
   786 | D:1      | 786 ||| UPGRADING to +0 ring mail.
   796 | D:1      | 796 ||| DROPPING +0 leather armour.
   797 | D:1      | 797 ||| UPGRADING to +2 pair of boots.
   802 | D:1      | 802 ||| UPGRADING to amulet of reflection.
   807 | D:1      | 807 ||| READING scroll labelled MUGUUCWI SEWOFF.
   808 | D:1      | 808 ||| READING scroll labelled QUCVIPLOTAW.
   809 | D:1      | 809 ||| READING scroll labelled ETWA INAHON.
   810 | D:1      | 810 ||| DROPPING scroll of butterflies.
   811 | D:1      | HP: 4/16 [poisoned by you (poison gas)]
   812 | D:1      | 812 ||| Stepping ~*~*~tactically~*~*~ (cloud).
   812 | D:1      | HP: 1/16 [poisoned by you (poison gas)]
   813 | D:1      | Succumbed to their own poison gas

Levels and vault maps discovered:
D:1:      ldierk_walled_garden, layout_basic

Skill      XL: |  1 |
---------------+----+-----
Ranged Weapons | 6 |  6.6
Fighting       | |  1.5
Dodging        | |  2.4
Stealth        | |  1.2

Action                     || total
---------------------------++-------
   Fire: Shortbow          ||    56
    Use: Scroll            ||     3
 Armour: Leather armour    ||     2
  Dodge: Dodged            ||    19

Table legend:
 A = Non-vault XP
 B = Vault XP
 C = Vault XP percentage of total XP
 D = Non-vault monster count
 E = Vault monster count
 F = Vault count percentage of total count
                 A         B        C        D         E       F
            +---------+---------+-------+---------+---------+-------
      Total |      40 |       0 |   0.0 |      23 |       0 |   0.0
            +---------+---------+-------+---------+---------+-------
        D:1 |      40 |       0 |   0.0 |      23 |       0 |   0.0
            +---------+---------+-------+---------+---------+-------
